 Dungeon Crawl Stone Soup version 0.20-a0-517-g5f97612 (webtiles) character file.

94 KristoblXynda the Slasher (level 4, -3/33 HPs)
             Began as a Vampire Gladiator on Jan 23, 2017.
             Slain by an iguana (12 damage)
             ... on level 2 of the Dungeon on Jan 24, 2017.
             The game lasted 00:04:31 (2398 turns).

KristoblXynda the Slasher (Vampire Gladiator)       Turns: 2398, Time: 00:04:31

Health: -3/33      AC:  5    Str: 13    XL:     4   Next: 38%
Magic:  4/4        EV: 13    Int: 11    God:
Gold:   92         SH:  0    Dex: 15    Spells: 3/3 levels left

rFire    . . .     SeeInvis +   a - +0 long sword
rCold    + . .     Gourm    .   b - +0 leather armour
rNeg     + + .     Faith    .   (no shield)
rPois    +         Spirit   .   c - +1 helmet
rElec    .         Reflect  .   (no cloak)
rCorr    .         Harm     .   (no gloves)
MR       .....                  (no boots)
Stlth    +++.......             (no amulet)
Regen    0.1/turn               (no ring)
                                (no ring)

@: regenerating slowly
A: fangs 3, see invisible, unbreathing
a: Bat Form


You were on level 2 of the Dungeon.
You were thirsty.

You visited 1 branch of the dungeon, and saw 2 of its levels.

You collected 92 gold pieces.

Inventory:

Hand Weapons
 a - a +0 long sword (weapon)
Missiles
 d - 3 throwing nets (quivered)
Armour
 b - a +0 leather armour (worn)
 c - a +1 helmet (worn)
Scrolls
 f - 4 scrolls of teleportation
Potions
 e - 5 potions of blood
 g - a potion of might {unknown}
 h - 2 potions of curing
 i - a potion of mutation {unknown}
 m - a potion of resistance


   Skills:
 - Level 2.2 Fighting
 + Level 3.7 Long Blades
 - Level 2.0 Throwing
 + Level 3.7 Dodging
 + Level 3.4 Stealth


You had 3 spell levels left.
You didn't know any spells.

Dungeon Overview and Level Annotations

Branches:
Dungeon (2/15)

Altars:


Innate Abilities, Weirdness & Mutations

You heal slowly.
You have razor-sharp teeth.
You have supernaturally acute eyesight. (SInv)
You can survive without breathing.


Message History

You barely miss the goblin. The goblin barely misses you.
You riposte.
You slash the goblin!
You kill the goblin!
An iguana comes into view.
You see here 9 stones.
The iguana hisses angrily.
You barely miss the iguana. Your bite misses the iguana. The iguana bites you.
You hit the iguana.
The iguana is lightly wounded.
The iguana bites you!
You hit the iguana but do no damage. You bite the iguana.
You draw the iguana's blood!
You feel better.
You feel slightly less thirsty.
The iguana is moderately wounded.
The iguana barely misses you.
You barely miss the iguana.
The iguana is moderately wounded.
The iguana bites you!
* * * LOW HITPOINT WARNING * * *
The iguana bites you!
You die...

...........##.#..######.# #.#.#
...........##.#.........###.#.#
%.##.......##.#..######.......#
..##......(##.#..# #.###.#.#
.................######.###.#.#
.######.###...#...............#
.######.###.###.........###.#.#
...............#..#####.# #.#.#
.##.............@.......# #.#.#
.##........###.#l######## #.#.#
.##........# #.#.# #.#.#
...........# #.#.# #.#.#
...........###.#.# ######.#.###
...........##....# #...........
...).......##..#.# ########.###
>##..............# #.#
.........†.......# #.#


You could see an iguana.

Vanquished Creatures
  3 adders (D:2)
  An ooze (D:2)
  4 worms (D:2)
  2 dart slugs (D:2)
  A leopard gecko (D:2)
  A ball python (D:2)
  2 giant cockroaches (D:2)
  9 goblins
  5 hobgoblins
  5 kobolds
  6 bats
  4 frilled lizards
  4 rats (D:2)
47 creatures vanquished.

Notes
Turn   | Place    | Note
-------+----------+-------------------------------------------
     0 | D:1      | KristoblXynda the Vampire Gladiator began the quest for the Orb.
     0 | D:1      | Reached XP level 1. HP: 16/16 MP: 1/1
   552 | D:1      | Reached XP level 2. HP: 20/22 MP: 2/2
   916 | D:2      | Reached skill level 1 in Stealth
  1166 | D:2      | Reached XP level 3. HP: 24/27 MP: 3/3
  2011 | D:2      | Reached XP level 4. HP: 28/33 MP: 4/4
  2190 | D:2      | Upgraded the game from 0.20-a0-513-g02c11fc to 0.20-a0-517-g5f97612
  2398 | D:2      | Slain by an iguana

Vault maps used:
D:1:      onia_arrival_pyramid
D:2:      first_bread

Skill      XL: |  1  2  3 |
---------------+----------+-----
Fighting       | 2 |  2.2
Throwing       | 2 |  2.0
Stealth        | 1 3 |  3.4
Long Blades    | |  3.7
Dodging        | |  3.7

Action                   |  1- 3 |  4- 6 || total
-------------------------+-------+-------++-------
Melee: Long sword        |   122 |    32 ||   154
       Bite              |    10 |     5 ||    15
  Use: Scroll            |     7 |     1 ||     8
       Potion            |     2 |     1 ||     3
 Stab: Sleeping          |     2 |     1 ||     3
Armor: Leather armour    |    27 |     6 ||    33
Dodge: Dodged            |    97 |    17 ||   114
       Rpst.: Long sword |    27 |     7 ||    34
